 Dungeon Crawl Stone Soup version 0.25-a0-663-gace7076f2c (webtiles) character file.

Game seed: 3967395433483699486, levelgen mode: deterministic

70 kae the Insei (level 4, 32/32 HPs)
             Began as a Demonspawn Transmuter on Mar 24, 2020.
             Quit the game on level 2 of the Dungeon.
             The game lasted 00:01:50 (1683 turns).

kae the Insei (Demonspawn Transmuter)               Turns: 1683, Time: 00:01:51

Health: 32/32      AC:  2    Str: 11    XL:     4   Next: 3%
Magic:  7/7        EV: 12    Int: 15    God:
Gold:   55         SH:  0    Dex: 13    Spells: 7/8 levels left

rFire    . . .     SeeInvis .   f - +1 whip (venom)
rCold    . . .     Gourm    .   (no shield)
rNeg     . . .     Faith    .   b - +0 robe
rPois    .         Spirit   .   (helmet restricted)
rElec    .         Reflect  .   (no cloak)
rCorr    .         Harm     .   (no gloves)
MR       .....                  (no boots)
Stlth    +.........             (no amulet)
HPRegen  0.10/turn              (no ring)
MPRegen  0.10/turn              (no ring)

@: no status effects
A: antennae 1, demonic guardian 1, powered by pain 1
a: no special abilities


You were on level 2 of the Dungeon.
You were near starving.

You visited 1 branch of the dungeon, and saw 2 of its levels.

You collected 55 gold pieces.

Inventory:

Hand Weapons
 f - a +1 whip of venom (weapon)
Missiles
 a - 47 arrows
Armour
 b - a +0 robe (worn)
Wands
 l - a wand of flame (14)
Scrolls
 g - 2 scrolls of fog {unknown}
 h - 2 scrolls of noise {unknown}
 i - a scroll of random uselessness {unknown}
 k - a scroll of enchant weapon {unknown}
 m - a scroll of identify {unknown}
Potions
 c - a potion of heal wounds {unknown}
 e - a potion of brilliance {unknown}
 j - a potion of degeneration {unknown}
Comestibles
 d - 6 rations


   Skills:
 - Level 1.0 Fighting
 - Level 1.7 Dodging
 * Level 3.7 Unarmed Combat
 + Level 2.6 Spellcasting
 + Level 2.4 Transmutations


You had 7 spell levels left.
You knew the following spells:

 Your Spells              Type           Power        Failure   Level  Hunger
a - Beastly Appendage     Tmut           #.....       8%          1    #......

Your spell library contained the following spells:

 Spells                   Type           Power        Failure   Level  Hunger
 Sticks to Snakes         Tmut           #.......     12%         2    ###....
 Spider Form              Tmut/Pois      #.........   36%         3    ###....
 Ice Form                 Ice/Tmut       #.......     77%         4    #####..
 Blade Hands              Tmut           #.........   91%         5    ######.


Dungeon Overview and Level Annotations

Branches:
Dungeon (2/15)

Altars:
Yredelemnul
Jiyva


Innate Abilities, Weirdness & Mutations

You have a pair of small antennae on your head.
A weak demonic guardian rushes to your aid.
You sometimes gain a little power by taking damage.


Message History

You have reached level 4!
You feel stronger.
Your demonic ancestry asserts itself...
A pair of antennae grows on your head!
You closely miss the jackal. The jackal bites you.
The jackal closely misses you.
You closely miss the jackal.
The jackal bites you but does no damage.
The jackal barely misses you.
You hit the jackal.
The jackal is poisoned.
The jackal is heavily wounded.
The jackal closely misses you.
You hit the jackal.
You kill the jackal!
Things that are here:
a stone; a jackal corpse; a kobold corpse You start resting.
You are near starving!
You start resting.
HP restored.
Are you sure you want to abandon this character and quit the game? (Confirm with "yes".)

#..# ..#
#.##
########..#
#.#
##.........#
#.#
...........#
#.#
.........%.#
#.#
^..........#
#.#
...........#
#.# #@# #.#
#(# #.# #)#
#.#
#(#########
#.#
#.........##
#.#
###...[....#
#.#
#........#
#.#
#........#
#.#
#######'##
#.#


There were no monsters in sight!

Vanquished Creatures
  Terence (D:2)
  An adder (D:2)
  A dart slug (D:1)
  A leopard gecko (D:2)
  A giant cockroach (D:1)
  8 hobgoblins
  2 jackals (D:2)
  4 bats
  3 frilled lizards
  4 goblins
  6 kobolds
  A rat (D:2)
33 creatures vanquished.

Notes
Turn   | Place    | Note
-------+----------+-------------------------------------------
     0 | D:1      | kae the Demonspawn Transmuter began the quest for the Orb.
     0 | D:1      | Reached XP level 1. HP: 15/15 MP: 3/3
   226 | D:1      | Reached skill level 3 in Unarmed Combat
   230 | D:1      | Gained mutation: A weak demonic guardian rushes to your
                  | aid. [demonic ancestry]
   230 | D:1      | Reached XP level 2. HP: 17/21 MP: 5/5
   861 | D:1      | Found a viscous altar of Jiyva.
  1029 | D:2      | Noticed Terence
  1033 | D:2      | Gained mutation: You sometimes gain a little power by
                  | taking damage. [demonic ancestry]
  1033 | D:2      | Reached XP level 3. HP: 24/26 MP: 6/6
  1041 | D:2      | HP: 1/26 [Terence/puff of flame (5)]
  1043 | D:2      | Killed Terence
  1382 | D:2      | Found a basalt altar of Yredelemnul.
  1501 | D:2      | Gained mutation: You have a pair of small antennae on your
                  | head. [demonic ancestry]
  1501 | D:2      | Reached XP level 4. HP: 15/32 MP: 7/7
  1683 | D:2      | Quit the game

Levels and vault maps discovered:
D:1:      erik_arrival_cave_to_civilisation [erik_arrival_cave_to_temple],
          layout_basic
D:2:      layout_basic, gammafunk_temple_overflow_arena,
          yredelemnul_altar_generic, lemuel_doored_altar, uniq_robin,
          uniq_terence

Skill      XL: |  1 |
---------------+----+-----
Unarmed Combat | 3 |  3.7
Transmutations | 2 |  2.4
Fighting       | |  1.0
Dodging        | |  1.7
Spellcasting   | |  2.6

Action                   |  1- 3 |  4- 6 || total
-------------------------+-------+-------++-------
Melee: Unarmed           |    48 |       ||    48
       Headbutt          |     7 |       ||     7
       Whip              |    39 |     4 ||    43
       Kick              |     4 |       ||     4
       Punch             |     1 |       ||     1
 Cast: Beastly Appendage |    16 |       ||    16
  Use: Potion            |     1 |       ||     1
  Eat: Chunk             |     1 |       ||     1
Armor: Robe              |    17 |     1 ||    18
Dodge: Dodged            |    61 |     3 ||    64

Table legend:
 A = Non-vault XP
 B = Vault XP
 C = Vault XP percentage of total XP
 D = Non-vault monster count
 E = Vault monster count
 F = Vault count percentage of total count
                 A         B        C        D         E       F
            +---------+---------+-------+---------+---------+-------
      Total |      63 |      37 |  37.0 |      30 |       3 |   9.1
            +---------+---------+-------+---------+---------+-------
        D:1 |      25 |       3 |  10.7 |      15 |       2 |  11.8
        D:2 |      38 |      34 |  47.2 |      15 |       1 |   6.2
            +---------+---------+-------+---------+---------+-------
